 Seeded DCSS version 0.28-a0-1506-g3893175 (webtiles) character file.

Game seed: 7271435782258530491 (custom seed)

262 Ayyar the Skirmisher (level 6, -5/51 HPs)
             Began as a Formicid Monk on Jan 12, 2022.
             Splashed by a jelly's acid (10 damage)
             ... on level 2 of the Dungeon on Jan 13, 2022.
             The game lasted 00:11:47 (3413 turns).

Ayyar the Skirmisher (Formicid Monk)                Turns: 3413, Time: 00:11:47

Health: -5/51      AC: -7    Str: 18    XL:     6   Next: 42%
Magic:  6/6        EV: 12    Int:  9    God:
Gold:   60         SH:  0    Dex: 13    Spells: 5/5 levels left

rFire   . . .      SeeInvis +   a - +0 short sword (venom)
rCold   + . .      Faith    .   (no shield)
rNeg    . . .      Spirit   .   g - +0 ring mail
rPois   .          Reflect  .   (helmet unavailable)
rElec   .          Harm     .   (no cloak)
rCorr   .          Rampage  .   (no gloves)
Will    .....                   (no boots)
Stlth   ++........              (no amulet)
HPRegen 0.17/turn               i - ring of protection from cold
MPRegen 0.10/turn               (no ring)

@: corroded
A: permanent stasis, dig shafts and tunnels, antennae 3, four strong arms
a: Dig, Shaft Self


You were on level 2 of the Dungeon.
You visited 1 branch of the dungeon, and saw 2 of its levels.

You collected 60 gold pieces.

Inventory:

Hand Weapons
 a - a +0 short sword of venom (weapon)
 b - a +1 dagger of holy wrath
 m - a +0 dagger of electrocution
 q - a +0 short sword
Armour
 d - a +0 kite shield
 g - a +0 ring mail (worn)
 s - a +0 scale mail
Jewellery
 i - a ring of protection from cold (left hand)
Scrolls
 j - 2 scrolls of teleportation {unknown}
 l - 2 scrolls of amnesia
 n - a scroll of noise {unknown}
 r - a scroll of identify {unknown}
 t - a scroll of fear {unknown}
Potions
 c - a potion of lignification {unknown}
 e - a potion of brilliance {unknown}
 f - 2 potions of might {unknown}
 h - 2 potions of heal wounds
 k - a potion of curing {unknown}
 o - 2 potions of flight {unknown}
 p - a potion of magic {unknown}


   Skills:
 + Level 5.0 Fighting
 - Level 4.0 Short Blades
 + Level 0.5(2.5) Long Blades
 + Level 4.2 Dodging
 - Level 3.0 Stealth
 + Level 0.7 Shields


You had 5 spell levels left.
You didn't know any spells.
Your spell library was empty.

Dungeon Overview and Level Annotations

Branches:
Dungeon (2/15)

Altars:


Innate Abilities, Weirdness & Mutations

You cannot be hasted, slowed, berserked, paralysed or teleported.
You can dig through walls and to a lower floor.
You have a pair of large antennae on your head. (SInv)
Your four strong arms can wield two-handed weapons with a shield.


Message History

There is an open gate here.
There is an open gate here.
There is an open door here.
Things that are here:
a +0 dagger; 4 stones You open the door.
An endoplasm comes into view.
Found two hobgoblin skeletons. 2 jellies and 8 endoplasms come into view.
Found four items.
The jelly quivers.
The endoplasm quivers. x2
There is an open door here.
The helpless endoplasm fails to defend itself.
You impale the endoplasm!!
You kill the endoplasm!
The jelly quivers.
The endoplasm quivers.
The jelly closely misses you.
The endoplasm jiggles.
The endoplasm closely misses you.
Things that are here:
a +0 dagger; 4 stones The jelly hits you but does no damage.
You hit the jelly.
Your hands burn!
The jelly is moderately wounded.
The jelly barely misses you.
You puncture the jelly! The acid corrodes you!
Your hands burn!
The jelly is almost dead.
The jelly hits you. The acid corrodes you!
You are splashed with acid!
You hit the jelly.
You kill the jelly!
You barely miss the jelly. The jelly hits you.
You are splashed with acid!
You hit the jelly but do no damage.
Your hands burn!
The jelly hits you. The acid corrodes you!
You are splashed with acid!
* * * LOW HITPOINT WARNING * * *
You hit the jelly but do no damage.
Your hands burn!
* * * LOW HITPOINT WARNING * * *
The jelly hits you.
* * * LOW HITPOINT WARNING * * *
The acid corrodes you!
You are splashed with acid!
You die...

#...#
#.#.#.#####.#.#......# #
######.#
.............###....###
.......#
##########...........<#
###############
########...###
#.....{########## #.....+
#P÷.÷J{J##.)....####.####
#...÷.{#J#.......##..##..
#.PPPP.#J#........'..##)#
#..÷.JJ#@#........'..##.#
#÷PJ...#.#'#......'..##.#
######
#J..÷JJ#.#.#.....##..##.#
#....#
#P.PJ..#.#.#....###()##.#
#....#
#?.....##.#########.#...#
#....# ### #..#...#
#....# #..#...# #....#
#..###.# #....# #..###..


You could see a jelly and 2 endoplasms.

Vanquished Creatures
  Sigmund (D:2)
  A jelly (D:2)
  An adder (D:2)
  2 worms (D:2)
  4 ball pythons
  3 endoplasms
  3 giant cockroaches
  6 goblins
  5 hobgoblins
  4 jackals (D:1)
  17 kobolds
  2 quokkas
  5 bats
  A frilled lizard (D:1)
  3 rats (D:1)
58 creatures vanquished.

Vanquished Creatures (others)
  A fungus (D:2)
  7 toadstools (D:2)
8 creatures vanquished.

Grand Total: 66 creatures vanquished

Notes
Turn   | Place    | Note
-------+----------+-------------------------------------------
     0 | D:1      | Ayyar the Formicid Monk began the quest for the Orb.
     0 | D:1      | Reached XP level 1. HP: 18/18 MP: 1/1
   327 | D:1      | Reached XP level 2. HP: 10/24 MP: 2/2
  1145 | D:1      | You fall into a shaft and drop 1 floor!
  1155 | D:2      | Reached XP level 3. HP: 29/29 MP: 3/3
  2125 | D:2      | Reached XP level 4. HP: 33/37 MP: 4/4
  2400 | D:2      | Upgraded the game from 0.28-a0-1497-gab9d7fe to
                  | 0.28-a0-1506-g3893175
  2708 | D:2      | Noticed Sigmund
  2728 | D:2      | Killed Sigmund
  2729 | D:2      | Reached skill level 4 in Fighting
  2729 | D:2      | Reached XP level 5. HP: 32/43 MP: 5/5
  2729 | D:2      | Reached XP level 6. HP: 37/50 MP: 6/6
  2868 | D:2      | Reached skill level 5 in Fighting
  3413 | D:2      | Splashed by a jelly's acid

Illustrated notes

Levels and vault maps discovered:
D:1:      psy_arrival_radial01, layout_loops_corners
D:2:      cheibrodos_fertilizer, layout_basic, minmay_ruptured, uniq_sigmund

Skill      XL: |  1  2  3  4  5  6 |
---------------+-------------------+-----
Stealth        | 3 |  3.0
Dodging        | 3 4 |  4.2
Fighting       | 4 5 |  5.0
Short Blades   | 4 |  4.0
Long Blades    | |  0.5
Shields        | |  0.7

Action                   |  1- 3 |  4- 6 || total
-------------------------+-------+-------++-------
Melee: Short sword       |    54 |    28 ||    82
       Dagger            |   125 |    92 ||   217
       Punch             |     2 |     2 ||     4
  Use: Scroll            |       |     1 ||     1
       Potion            |       |     1 ||     1
 Stab: Sleeping          |     4 |     1 ||     5
Armor: Robe              |     9 |       ||     9
       Ring mail         |    42 |    18 ||    60
Dodge: Dodged            |   105 |    49 ||   154

Table legend: (Time is in decaauts)
 A = Elapsed time spent in this place.
 B = Non-inter-level travel time spent in this place.
 C = Inter-level travel time spent in this place.
 D = Time resting spent in this place.
 E = Time spent auto-exploring this place.
 F = Levels seen in this place.
 G = Mean time per level.
                   A        B        C        D        E       F      G
               +--------+--------+--------+--------+--------+-----+--------+
         Total |   3369 |   3221 |    148 |    754 |   1843 |   2 | 1684.5 |
       Dungeon |   3369 |   3221 |    148 |    754 |   1843 |   2 | 1684.5 |
               +--------+--------+--------+--------+--------+-----+--------+

Top non-repeatable levels by time:
     D:2: 1704 daAuts
     D:1: 1664 daAuts
